 Dungeon Crawl Stone Soup version 0.23-b1-70-gd12f7cf (webtiles) character file.

Game seed: 4737642780172758060

100 Folque the Magician (level 4, -1/29 HPs)
             Began as an Octopode Wizard on Feb 6, 2019.
             Slain by an adder (5 damage)
             ... on level 3 of the Dungeon.
             The game lasted 00:07:18 (2494 turns).

Folque the Magician (Octopode Wizard)               Turns: 2494, Time: 00:07:19

Health: -1/29      AC:  1    Str: 11    XL:     4   Next: 73%
Magic:  1/9        EV: 13    Int: 21    God:
Gold:   99         SH:  0    Dex: 10    Spells: 2/10 levels left

rFire    . . .     SeeInvis .   b - +0 spear
rCold    . . .     Gourm    .   (no shield)
rNeg     . . .     Faith    .   a - +0 hat
rPois    .         Spirit   .   (no amulet)
rElec    .         Reflect  .   (no ring)
rCorr    .         Harm     .   (no ring)
MR       .....                  (no ring)
Stlth    +++.......             (no ring)
HPRegen  0.09/turn              (no ring)
MPRegen  0.11/turn              (no ring)
                                (no ring)
                                (no ring)

@: mighty, lethally poisoned (-1 -> -5), very slightly contaminated
A: almost no armour, stealthy swim, amphibious, 8 rings, constrict 8, camouflage
1, gelatinous body 1
a: no special abilities


You were on level 3 of the Dungeon.
You were hungry.

You visited 1 branch of the dungeon, and saw 3 of its levels.

You collected 99 gold pieces.

Inventory:

Hand Weapons
 b - a +0 spear (weapon)
 n - a +4 short sword of speed
Missiles
 j - 11 poisoned needles
Armour
 a - a +0 hat (worn)
Jewellery
 i - an uncursed ring of protection from cold {unknown}
Scrolls
 e - 2 scrolls of teleportation {unknown}
 f - 3 scrolls of remove curse {unknown}
 h - a scroll of amnesia {unknown}
 k - 2 scrolls of identify {unknown}
Potions
 l - a potion of agility {unknown}
Comestibles
 c - 5 rations
 m - a chunk of flesh


   Skills:
 - Level 2.0 Fighting
 + Level 2.3 Dodging
 - Level 3.0 Stealth
 + Level 3.7 Spellcasting
 - Level 1.0 Conjurations
 - Level 1.0 Summonings
 - Level 1.0 Translocations
 - Level 1.0 Air Magic
 - Level 2.0 Poison Magic


You had 2 spell levels left.
You knew the following spells:

 Your Spells              Type           Power        Failure   Level  Hunger
a - Magic Dart            Conj           #...         9%          1    None
b - Call Imp              Summ           #.......     12%         2    ##.....
c - Blink                 Tloc           N/A          12%         2    ##.....
d - Mephitic Cloud        Conj/Pois/Air  #.......     22%         3    ###....

Your spell library contained the following spells:

 Spells                   Type           Power        Failure   Level  Hunger
 Slow                     Hex            #.......     19%         2    ##.....
 Conjure Flame            Conj/Fire      #.......     30%         3    ###....


Dungeon Overview and Level Annotations

Branches:
Dungeon (3/15)

Altars:


Innate Abilities, Weirdness & Mutations

You cannot wear most types of armour.
You are very stealthy in the water. (Stealth+)
You are amphibious.
You can wear up to eight rings at the same time.
You can use your tentacles to constrict eight enemies at once.
Your skin changes colour to match your surroundings (Stealth+).
Your rubbery body absorbs attacks. (AC +1, EV +1)


Message History

Casting: Mephitic Cloud (safe; 22% risk of failure)
Confirm with . or Enter, or press ? or * to list all spells.
You blink.
The kobold unwields a +0 blowgun.
The kobold hits you.
* * * LOW HITPOINT WARNING * * *
You hit the kobold but do no damage. You grab the kobold.
You squeeze the kobold.
You kill the kobold!
It was a potion of curing.
You feel better. The adder bites you but does no damage.
You hit the adder. Your grab misses the adder.
The adder is moderately wounded.
The adder closely misses you. The adder bites you.
* * * LOW HITPOINT WARNING * * *
You are lethally poisoned!
The adder poisons you!
It was a potion of might.
You feel very mighty all of a sudden.
* * * LOW HITPOINT WARNING * * *
You feel sick. The adder bites you.
You die...

.#.......# #.....................
.##...#..###K.....####.##...##.##
#..###..##.###### #.##...##.#
#..## ##..#.## #.##...##.# ...##
##....# #.##......# .#. #..#S.#
#.###..#### ..# #..##..# #.###..#
#..###..########....<.#
#?#.......)@S.....#
#.#####...#######[# . ##..# .#
#..# .# ...# .# ###.# .# #.# .#
#.# .#


You could see an adder.

Vanquished Creatures
  An adder (D:2)
  A worm (D:2)
  2 dart slugs (D:1)
  A leopard gecko (D:3)
  2 orcs (D:3)
  4 bats
  A giant cockroach (D:1)
  8 goblins
  2 hobgoblins (D:1)
  A ball python (D:3)
  5 frilled lizards
  5 kobolds
  5 rats
38 creatures vanquished.

Vanquished Creatures (collateral kills)
  A hound (D:2)
  An orc wizard (D:3)
  An adder (D:3)
  A dart slug (D:2)
  2 orcs (D:3)
  A goblin (D:2)
7 creatures vanquished.

Grand Total: 45 creatures vanquished

Notes
Turn   | Place    | Note
-------+----------+-------------------------------------------
     0 | D:1      | Folque the Octopode Wizard began the quest for the Orb.
     0 | D:1      | Reached XP level 1. HP: 11/11 MP: 4/4
   270 | D:1      | Reached skill level 1 in Fighting
   276 | D:1      | Reached XP level 2. HP: 18/18 MP: 6/6
   996 | D:1      | Reached XP level 3. HP: 18/24 MP: 7/7
  1003 | D:1      | Learned a level 2 spell: Call Imp
  1006 | D:1      | Learned a level 2 spell: Blink
  1015 | D:1      | Learned a level 3 spell: Mephitic Cloud
  1582 | D:2      | Reached skill level 1 in Poison Magic
  1673 | D:2      | Reached XP level 4. HP: 20/29 MP: 3/9
  2025 | D:2      | Found a faded altar of an unknown god.
  2447 | D:3      | Reached skill level 1 in Air Magic
  2494 | D:3      | Slain by an adder

Skill      XL: |  1  2  3  4 |
---------------+-------------+-----
Fighting       | 1 2 |  2.0
Stealth        | 3 |  3.0
Poison Magic   | 1 2 |  2.0
Air Magic      | 1 |  1.0
Dodging        | |  2.3
Spellcasting   | |  3.7
Conjurations   | |  1.0
Summonings     | |  1.0
Translocations | |  1.0

Action                   |  1- 3 |  4- 6 || total
-------------------------+-------+-------++-------
Melee: Spear             |    82 |    40 ||   122
       Constrict         |    17 |     7 ||    24
       Tentacles         |     6 |     3 ||     9
 Cast: Call Imp          |     5 |     5 ||    10
       Magic Dart        |     4 |     5 ||     9
       Mephitic Cloud    |     1 |     1 ||     2
       Blink             |       |     1 ||     1
  Use: Potion            |       |     2 ||     2
 Stab: Sleeping          |     9 |     3 ||    12
  Eat: Chunk             |     3 |     2 ||     5
Armor: Skin              |     4 |     3 ||     7
Dodge: Dodged            |    28 |    13 ||    41
